 Dungeon Crawl Stone Soup version 0.29-a0-317-gd16b76e6b1 (webtiles) character file.

Game seed: 3505939204453863938

119797 Ijustatesigmund the Warrior (level 16, -20/110 HPs)
             Began as a Gargoyle Wanderer on Mar 31, 2022.
             Was a High Priest of Cheibriados.
             Demolished by a bunyip (21 damage)
             ... on level 3 of the Swamp.
             The game lasted 01:01:55 (32526 turns).

Ijustatesigmund the Warrior (Gargoyle Wanderer)    Turns: 32526, Time: 01:01:56

Health: -20/110    AC: 47    Str: 33    XL:     16   Next: 80%
Magic:  18/26      EV: 15    Int: 36    God:    Cheibriados [*****.]
Gold:   1658       SH: 16    Dex: 25    Spells: 14/15 levels left

rFire   + + .      SeeInvis .   a - +3 eveningstar (protect)
rCold   + + +      Faith    .   c - +2 shield of Resistance {rF++ rC++ Will++}
rNeg    + . .      Spirit   .   d - +2 plate armour {rC+}
rPois   ∞          Reflect  .   x - +2 helmet {Int+3}
rElec   +          Harm     .   l - +0 cloak
rCorr   +          Rampage  .   g - +1 pair of gloves
Will    +++..                   k - +0 pair of boots of the Pit {rCorr Int+3 Stlth+}
Stlth   ..........              (no amulet)
HPRegen 0.28/turn               E - +4 ring of evasion
MPRegen 0.20/turn               y - +4 ring of slaying

@: under a protective aura, flying, studying Unarmed Combat, very slow
A: sickness immunity, AC +12, big wings, negative energy resistance 1,
electricity resistance, torment resistance 1, petrification resistance
a: Renounce Religion, Bend Time, Temporal Distortion, Slouch, Step From Time


You were on level 3 of the Swamp.
You worshipped Cheibriados.
Cheibriados was extremely pleased with you.
You visited 5 branches of the dungeon, and saw 27 of its levels.
You also visited: Ice Cave.

You collected 2824 gold pieces.
You spent 1166 gold pieces at shops.

Inventory:

Hand Weapons
 a - a +3 eveningstar of protection (weapon)
 q - a +2 demon whip of freezing
 P - the +10 arbalest "Voifa" {penet, Will+ Dex+4}
   (You found it in an ice cave)

   Any ammunition fired by it passes through the targets it hits, potentially
   hitting all targets in its path until it reaches maximum range.
   Dex:       It affects your dexterity (+4).
   Will:      It increases your willpower.
Missiles
 F - 2 throwing nets (quivered)
 S - 3 curare-tipped darts
Armour
 c - the +2 shield of Resistance (worn) {rF++ rC++ Will++}
   (You acquired it on level 5 of the Dungeon)

   rF:        It greatly protects you from fire.
   rC:        It greatly protects you from cold.
   Will:      It greatly increases your willpower.
 d - a +2 plate armour of cold resistance (worn)
 g - a +1 pair of gloves (worn)
 k - the +0 pair of boots of the Pit (worn) {rCorr Int+3 Stlth+}
   (You found it on level 2 of the Dungeon)

   Int:       It affects your intelligence (+3).
   rCorr:     It protects you from acid and corrosion.
   Stlth:     It makes you more stealthy.
 l - a +0 cloak (worn)
 x - a +2 helmet of intelligence (worn)
Jewellery
 m - a ring of see invisible
 t - a ring of protection from fire
 y - a +4 ring of slaying (right hand)
 E - a +4 ring of evasion (left hand)
 J - a ring of protection from cold
 N - a +6 ring of intelligence
 W - an amulet of regeneration
Wands
 n - a wand of iceblast (25)
 w - a wand of paralysis (17)
 B - a wand of flame (39)
 Q - a wand of polymorph (6)
Scrolls
 b - 3 scrolls of silence
 e - 15 scrolls of identify
 i - 2 scrolls of magic mapping
 o - 7 scrolls of teleportation
 C - a scroll of blinking
 H - a scroll of torment
 I - 4 scrolls of summoning
 K - 2 scrolls of fog
 M - 3 scrolls of fear
 R - 2 scrolls of amnesia
 T - 2 scrolls of enchant armour
 U - 2 scrolls of immolation
Potions
 f - 8 potions of curing
 h - 2 potions of resistance
 j - 3 potions of flight
 p - 4 potions of mutation
 r - 5 potions of lignification
 s - 2 potions of ambrosia
 u - 3 potions of cancellation
 v - 3 potions of brilliance
 z - 3 potions of invisibility
 D - 3 potions of magic
 G - 2 potions of might
 L - a potion of attraction
 V - a potion of berserk rage
 X - a potion of heal wounds
Miscellaneous
 A - a condenser vane
 O - a phantom mirror


   Skills:
 + Level 16.2 Fighting
 + Level 13.8 Maces & Flails
 - Level 2.6 Polearms
 - Level 14.3 Armour
 + Level 4.8 Dodging
 - Level 11.4 Shields
 - Level 5.1 Translocations
 + Level 13.7 Invocations
 - Level 3.4 Evocations


You had 14 spell levels left.
You knew the following spells:

 Your Spells              Type           Power      Damage    Failure   Level
a - Apportation           Tloc           72%        N/A       9%          1

Your spell library contained the following spells:

 Spells                   Type           Power      Damage    Failure   Level
 Gell's Gravitas          Tloc           36%        N/A       24%         3
 Lesser Beckoning         Tloc           36%        N/A       24%         3
 Teleport Other           Tloc           36%        N/A       24%         3
 Animate Skeleton         Necr           0%         N/A       54%         1
 Freeze                   Ice            0%         1d3       54%         1
 Summon Small Mammal      Summ           0%         N/A       54%         1
 Passage of Golubria      Tloc           36%        N/A       63%         4
 Ensorcelled Hibernation  Hex/Ice        0%         N/A       69%         2
 Scorch                   Fire           0%         2d5       69%         2
 Frozen Ramparts          Ice            0%         1d2       89%         3
 Ozocubu's Armour         Ice            0%         N/A       89%         3
 Spider Form              Tmut/Pois      0%         N/A       89%         3
 Stone Arrow              Conj/Erth      0%         3d7       89%         3
 Tukima's Dance           Hex            0%         N/A       89%         3
 Airstrike                Air            0%         N/A       100%        4
 Anguish                  Hex/Necr       0%         N/A       100%        4
 Animate Armour           Summ/Erth      0%         N/A       100%        4
 Flame Wave               Conj/Fire      0%         2d4       100%        4
 Hailstorm                Conj/Ice       0%         3d3       100%        4
 Summon Lightning Spire   Summ/Air       0%         N/A       100%        4
 Lightning Bolt           Conj/Air       0%         1d11      100%        5
 Metabolic Englaciation   Hex/Ice        0%         N/A       100%        5
 Yara's Violent Unravell  Hex/Tmut       0%         3d3       100%        5
 Simulacrum               Ice/Necr       0%         N/A       100%        6
 Summon Cactus Giant      Summ           0%         N/A       100%        6
 Lehudib's Crystal Spear  Conj/Erth      0%         10d2      100%        8


Dungeon Overview and Level Annotations

Branches:
Dungeon (15/15)            Temple (1/1) D:6            Lair (6/6) D:10
  Swamp (3/4) Lair:3       Spider (0/4) Lair:2        Slime (0/5) Lair:5
    Orc (2/2) D:10            Elf (0/3) Orc:2        Vaults (0/5) D:13
 Depths (0/4) D:15          IceCv (visited)

Altars:
Ashenzari
Cheibriados
Dithmenos
Elyvilon
Fedhas
Gozag
Hepliaklqana
Kikubaaqudgha
Makhleb
Nemelex Xobeh
Okawaru
Qazlal
Ru
Sif Muna
Trog
Uskayaw
Vehumet
Wu Jian
Xom
Yredelemnul
Zin
The Shining One
Beogh

Shops:
D:1 *   Orc:2 [=[(*

Annotations:
D:5 2 transporters, iamserjio's ghost, weakling OpTm
Swamp:2 2 transporters, Ankualit's ghost, adept NaBe


Innate Abilities, Weirdness & Mutations

You are immune to sickness and miasma.
Your stone body is resilient. (AC +12)
You are immune to poison.
Your large and strong wings let you fly.
You resist negative energy. (rN+)
You are resistant to electric shocks. (rElec)
You are resistant to unholy torment.
You are immune to petrification.


Message History

Aim: a spriggan rider, wielding a +0 spear (moderately wounded, chance to affect: 4%)
The spriggan rider resists with almost no effort.
You block the spriggan rider's attack.
Aiming: Paralyse
Press: ? - help, Shift-Dir - straight line, f - bunyip, p - spriggan rider
Aim: a bunyip (chance to affect: 23%)
The bunyip resists with almost no effort.
You block the spriggan rider's attack.
Really fly into that cloud of spectral mist?
Okay, then.
The bunyip howls a warning cry!
You block the spriggan rider's attack. x2
You hear a shout! x2
You see here a tyrant leech corpse.
You completely miss the spriggan rider.
The spriggan rider is moderately wounded.
The bunyip claws you.
* * * LOW HITPOINT WARNING * * *
You block the bunyip's attack.
The bunyip claws you but does no damage.
You miss the spriggan rider.
The spriggan rider is moderately wounded.
The spriggan rider hits you but does no damage.
You impale the spriggan rider!!
You kill the hornet!
Cheibriados thoroughly appreciates the change of pace.
Cheibriados raises the support of your attributes as your movement slows.
The spriggan falls from its now dead mount.
Your weapon exudes an aura of protection.
The spriggan is almost dead.
Unknown command.
You sock the spriggan!
You kill the spriggan!
Cheibriados thoroughly appreciates the change of pace.
A spriggan druid comes into view. It is wielding a +0 quarterstaff.
A goliath frog comes into view.
You block the bunyip's attack. The bunyip claws you!!
* * * LOW HITPOINT WARNING * * *
The bunyip claws you!!
You die...

♣.♣≈≈..≈≈.≈<.
≈.≈≈≈:...♣.♣♣♣♣..♣
)♣)≈≈≈..≈§§§♣♣.♣.♣
)≈≈≈≈≈♣≈.≈≈≈≈≈≈≈.♣
≈≈≈≈≈≈≈≈≈≈≈≈≈≈≈≈≈♣ .
♣≈≈≈≈≈≈≈..≈.≈≈≈≈.♣♣ ≈♣≈
≈≈.≈≈≈≈≈♣§.≈§≈.≈..♣♣≈.≈.
≈≈...≈≈≈♣≈.♣≈≈♣≈≈†..≈♣≈≈
≈.≈..(≈≈♣♣...≈≈x@).≈≈≈.≈
..≈≈.♣≈≈♣..♣.≈..†)≈≈≈≈§§
.≈≈♣.♣≈≈♣<§≈≈≈≈♣.♣..§≈≈i
≈≈≈≈.≈≈≈≈≈..≈≈.♣♣♣♣♣..≈.
≈≈≈..≈≈≈♣≈.♣≈§.♣ .≈.
≈≈≈.≈≈≈♣.♣.♣.≈≈♣ ≈.
≈≈..♣≈≈♣≈≈♣♣.≈≈♣ F
≈.≈.≈≈♣♣..♣♣≈≈.♣
♣.♣≈≈≈♣..♣♣♣.≈≈♣


You could see a bunyip, a spriggan druid and a goliath frog.

Vanquished Creatures
  Rupert (D:13)
  Frances (Swamp:2)
  A thorn hunter (Swamp:2)
  Gastronok (Lair:2)
  2 orc warlords (Orc:2)
  A stone giant (D:15)
  2 very ugly things (IceCv)
  An eleionoma (Swamp:2)
  2 bunyips (Swamp:3)
  A yaktaur captain (D:13)
  A shambling mangrove (Swamp:2)
  10 hydras
  2 ghost crabs
  2 boulder beetles
  Erica (Lair:2)
  4 alligators
  10 centaur warriors
  11 two-headed ogres
  3 tengu warriors
  A death knight (D:12)
  2 orc high priests (Orc:2)
  Urug (Orc:2)
  A fire crab (Lair:6)
  11 skeletal warriors
  Amaemon (D:10)
  Lodul (D:12)
  5 goliath frogs
  2 swamp dragons
  3 bog bodies
  2 spriggan druids
  An orange crystal statue (IceCv)
  2 ugly things (D:13)
  An oklob plant (Lair:6)
  6 orc knights (Orc:2)
  3 orc sorcerers
  2 deep elf pyromancers (D:15)
  A cyclops (D:14)
  4 manticores
  9 elephants (Lair:6)
  2 will-o-the-wisps
  6 black mambas
  An orange demon (D:10)
  3 gargoyles
  A kobold demonologist (D:11)
  2 unseen horrors
  An efreet (D:14)
  14 cane toads
  2 yaktaurs (D:13)
  10 komodo dragons
  7 rime drakes
  5 freezing wraiths
  An anaconda simulacrum (IceCv)
  A tengu conjurer (D:14)
  7 trolls
  3 meliai (D:14)
  A wind drake (shapeshifter) (D:15)
  5 polar bears
  5 tyrant leeches
  9 hornets
  10 slime creatures
  17 blink frogs
  A jumping spider (Lair:2)
  29 spriggans
  2 dire elephant simulacra (IceCv)
  34 yaks
  3 basilisks
  A wyvern (D:10)
  2 wraiths
  3 vampire mosquitoes (D:12)
  4 steam dragons
  2 redbacks (Lair:2)
  4 wargs (Orc:2)
  20 water moccasins
  3 harpy simulacra (IceCv)
  9 swamp worms
  An acid dragon (D:10)
  A hydra simulacrum (IceCv)
  38 orc warriors
  5 ice beasts
  4 black bears
  5 ogres
  An alligator simulacrum (IceCv)
  5 boggarts (Lair:6)
  28 wolves
  8 centaurs
  A kobold brigand (D:9)
  3 necrophages
  21 bullfrogs
  3 gnoll sergeants
  A scorpion (D:5)
  10 wights
  3 killer bees (D:11)
  5 howler monkeys
  2 centaur zombies (D:9)
  2 jellies
  2 hounds
  24 orc priests
  A gnoll shaman (D:4)
  2 iguanas
  Terence (D:2)
  24 orc wizards
  5 hell rats (Lair:4)
  27 gnolls
  8 adders
  2 shadow imps
  3 white imps
  An ufetubus (D:6)
  4 worms
  A dart slug (D:2)
  66 orcs
  6 endoplasms
  4 giant cockroaches
  3 goblins
  10 hobgoblins
  4 jackals
  10 kobolds
  2 quokkas
  5 ball pythons
  6 bats
  5 frilled lizards
  9 rats
728 creatures vanquished.

Vanquished Creatures (collateral kills)
  An orc warrior (Orc:2)
  A wolf (Lair:6)
  An orc priest (Orc:2)
  An orc wizard (Orc:2)
4 creatures vanquished.

Vanquished Creatures (others)
  2 polar bears (Lair:6)
  2 orc wizards
  A bat (D:1)
  10 foxfires (Swamp:3)
  24 fungi
  49 plants
88 creatures vanquished.

Grand Total: 820 creatures vanquished

Notes
Turn   | Place    | Note
-------+----------+-------------------------------------------
     0 | D:1      | Ijustatesigmund the Gargoyle Wanderer began the quest for
                  | the Orb.
     0 | D:1      | Ijustatesigmund set off with the following items: a +3
                  | spear, a scroll of fog, a scroll of teleportation, a +0
                  | leather armour
     0 | D:1      | Reached XP level 1. HP: 16/16 MP: 1/1
   327 | D:1      | Reached XP level 2. HP: 20/20 MP: 2/2
   443 | D:1      | Reached skill level 5 in Fighting
   534 | D:1      | Found a faded altar of an unknown god.
   689 | D:1      | Reached XP level 3. HP: 21/26 MP: 3/3
   918 | D:1      | Found Omimuara's Assorted Antiques.
   927 | D:1      | Bought a pink potion for 21 gold pieces
   927 | D:1      | Bought a scroll labelled CUCOMU GUIRU for 24 gold pieces
   927 | D:1      | Bought a bubbling golden potion for 21 gold pieces
  1411 | D:3      | Found a hide-covered altar of Uskayaw.
  1415 | D:3      | Reached skill level 6 in Fighting
  1415 | D:3      | Reached XP level 4. HP: 14/32 MP: 4/4
  2159 | D:2      | Identified the +0 pair of boots of the Pit {rCorr Int+3
                  | Stlth+}
  2179 | D:2      | Noticed Terence
  2205 | D:2      | Killed Terence
  2475 | D:1      | Reached XP level 5. HP: 37/37 MP: 5/5
  2726 | D:2      | Reached skill level 7 in Fighting
  3787 | D:3      | Found a stormy altar of Qazlal.
  3792 | D:3      | Found a radiant altar of Vehumet.
  3961 | D:3      | Reached XP level 6. HP: 44/44 MP: 6/6
  4382 | D:4      | Found an ancient bone altar of Kikubaaqudgha.
  4429 | D:4      | Identified the +1 leather armour of Coij {Str+2}
  4435 | D:4      | Reached skill level 8 in Fighting
  4681 | D:4      | Reached skill level 1 in Maces & Flails
  4814 | D:5      | Entered Level 5 of the Dungeon
  4814 | D:5      | Noticed an ice beast
  4882 | D:4      | Killed an ice beast
  4883 | D:4      | Reached XP level 7. HP: 45/49 MP: 7/7
  5028 | D:5      | Found a bloodstained altar of Trog.
  5166 | D:5      | Noticed iamserjio's ghost (weakling OpTm)
  5168 | D:5      | Found a transporter.
  5217 | D:5      | Reached skill level 5 in Maces & Flails
  5504 | D:5      | Identified a scroll of acquirement
  5504 | D:5      | Acquired the +2 shield of Resistance {rF++ rC++ Will++}
  5504 | D:5      | Found the +2 shield of Resistance {rF++ rC++ Will++}
  5697 | D:5      | Reached XP level 8. HP: 54/54 MP: 8/8
  5717 | D:5      | Found a transporter.
  5940 | D:6      | Reached skill level 1 in Shields
  6434 | D:6      | Found a staircase to the Ecumenical Temple.
  6460 | Temple   | Entered the Ecumenical Temple
  6724 | Temple   | Reached XP level 9. HP: 45/59 MP: 9/9
  6733 | D:6      | Reached skill level 5 in Armour
  7512 | D:7      | Noticed a hornet
  7527 | D:7      | Killed a hornet
  7528 | D:7      | Reached skill level 5 in Shields
  8129 | D:1      | Bought a smoky blue potion for 21 gold pieces
  8342 | D:7      | Found a sacrificial altar of Ru.
  8369 | D:7      | Found a broken altar of Ashenzari.
  8603 | D:7      | Reached skill level 1 in Dodging
  9040 | D:8      | Reached skill level 9 in Fighting
  9363 | D:8      | Reached XP level 10. HP: 64/66 MP: 10/10
 10000 | D:9      | Found an ornate altar of the Wu Jian Council.
 10409 | D:9      | HP: 3/100 [orc priest/divine providence (14)]
 10415 | D:10     | Entered Level 10 of the Dungeon
 10761 | D:9      | Found a snail-covered altar of Cheibriados.
 10796 | D:9      | Became a worshipper of Cheibriados the Contemplative
 10819 | D:9      | Found a white marble altar of Elyvilon.
 10945 | D:9      | Found a basalt altar of Yredelemnul.
 11042 | D:10     | Noticed a centaur warrior
 11056 | D:10     | Killed a centaur warrior
 11057 | D:10     | Reached skill level 1 in Invocations
 11281 | D:10     | Found a hazy altar of Hepliaklqana.
 11282 | D:10     | Found a shimmering altar of Xom.
 11283 | D:10     | Noticed a two-headed ogre
 11283 | D:10     | Noticed a spectral ugly thing
 11357 | D:10     | Noticed Amaemon
 11371 | D:10     | Killed Amaemon
 11386 | D:10     | Noticed an orange demon
 11395 | D:10     | Killed an orange demon
 11396 | D:10     | Reached skill level 10 in Fighting
 11396 | D:10     | Reached XP level 11. HP: 72/72 MP: 13/13
 11396 | D:10     | Found a staircase to the Lair.
 11668 | D:10     | Reached * piety under Cheibriados
 12098 | D:10     | Found a staircase to the Orcish Mines.
 12603 | D:11     | Acquired a +2 helmet of intelligence
 12650 | D:11     | Noticed a two-headed ogre
 12661 | D:11     | Killed a two-headed ogre
 12955 | D:11     | Noticed a manticore
 12962 | D:11     | Killed a manticore
 13027 | D:11     | Reached skill level 5 in Invocations
 13225 | D:12     | Noticed Lodul
 13225 | D:12     | Noticed a two-headed ogre
 13225 | D:12     | Noticed a skeletal warrior
 13225 | D:12     | Noticed a skeletal warrior
 13225 | D:12     | Noticed a skeletal warrior
 13225 | D:12     | Noticed a skeletal warrior
 13226 | D:12     | Noticed a two-headed ogre
 13226 | D:12     | Noticed a two-headed ogre
 13511 | Lair:1   | Entered Level 1 of the Lair of Beasts
 13793 | Lair:1   | Reached ** piety under Cheibriados
 13959 | Lair:1   | Reached skill level 10 in Maces & Flails
 14335 | Lair:1   | Noticed a six-headed hydra
 14346 | Lair:1   | Killed a six-headed hydra
 14368 | Lair:1   | Reached skill level 11 in Fighting
 14368 | Lair:1   | Reached XP level 12. HP: 45/80 MP: 14/16
 15568 | Lair:2   | Reached *** piety under Cheibriados
 15643 | Lair:2   | Noticed Erica
 15653 | Lair:2   | Killed Erica
 15654 | Lair:2   | Noticed Gastronok
 15672 | Lair:2   | Killed Gastronok
 16036 | Lair:2   | Found a hole to the Spider Nest.
 16519 | Lair:3   | Found a staircase to the Swamp.
 16807 | Lair:3   | Reached skill level 12 in Fighting
 16838 | Lair:3   | Reached XP level 13. HP: 86/86 MP: 18/18
 17378 | Lair:3   | Reached skill level 10 in Armour
 18206 | Lair:4   | Reached **** piety under Cheibriados
 19238 | Lair:5   | Reached ***** piety under Cheibriados
 19315 | Lair:5   | Reached skill level 13 in Fighting
 19570 | Lair:5   | Found a staircase to the Slime Pits.
 19689 | Lair:6   | Entered Level 6 of the Lair of Beasts
 19972 | Lair:6   | Gained mutation: Your large and strong wings let you fly.
                  | [Gargoyle growth]
 19972 | Lair:6   | Reached XP level 14. HP: 69/94 MP: 21/21
 20049 | Lair:6   | Reached skill level 10 in Invocations
 20350 | Lair:6   | Reached skill level 10 in Shields
 22187 | Orc:1    | Entered Level 1 of the Orcish Mines
 22247 | Orc:2    | Entered Level 2 of the Orcish Mines
 22308 | Orc:2    | Reached skill level 14 in Fighting
 22505 | Orc:1    | Reached ****** piety under Cheibriados
 22565 | Orc:1    | Noticed Urug
 22580 | Orc:2    | Killed Urug
 23218 | Orc:2    | Found a staircase to the Elven Halls.
 23232 | Orc:2    | Found Anolleh's Armour Boutique.
 23416 | Orc:2    | Noticed an orc warlord
 23435 | Orc:2    | Killed an orc warlord
 24169 | Orc:2    | Reached XP level 15. HP: 93/101 MP: 19/23
 24231 | Orc:2    | Found Ketat's Jewellery Shop.
 24235 | Orc:2    | Found Fytim's General Store.
 24243 | Orc:2    | Bought a potion of heal wounds for 65 gold pieces
 24251 | Orc:2    | Found Micio's Antique Armour Shop.
 24450 | Orc:2    | Found Henewigi's Antique Weapon Shop.
 24495 | Orc:2    | Noticed an orc warlord
 24512 | Orc:2    | Killed an orc warlord
 24974 | Orc:2    | Bought a +4 ring of slaying for 1014 gold pieces
 25094 | D:12     | You are sucked into a shaft and drop 3 floors!
 25094 | D:15     | Entered Level 15 of the Dungeon
 25149 | D:15     | Found a frozen archway.
 25160 | IceCv    | Entered an ice cave
 25462 | IceCv    | Found a transporter.
 25469 | IceCv    | Found a transporter.
 25512 | IceCv    | Identified the +10 arbalest "Voifa" {penet, Will+ Dex+4}
 25731 | D:15     | Found a broken altar of Ashenzari.
 25812 | D:15     | Found a radiant altar of Vehumet.
 26018 | D:15     | Found a staircase to the Depths.
 26033 | D:15     | Reached skill level 15 in Fighting
 28624 | D:13     | Found a gate to the Vaults.
 29246 | D:13     | Noticed Rupert
 29261 | D:13     | Killed Rupert
 29262 | D:13     | Reached XP level 16. HP: 79/108 MP: 25/25
 29904 | D:12     | Killed Lodul
 30495 | D:11     | Learned a level 1 spell: Apportation
 30594 | Swamp:1  | Entered Level 1 of the Swamp
 30613 | Swamp:1  | Reached skill level 1 in Translocations
 31205 | Swamp:2  | Found a transporter.
 31208 | Swamp:2  | Noticed Ankualit's ghost (adept NaBe)
 31241 | Swamp:2  | Found a transporter.
 31357 | Swamp:2  | Noticed Frances
 31373 | Swamp:2  | Killed Frances
 32048 | Swamp:2  | Reached skill level 5 in Translocations
 32094 | Swamp:2  | Reached skill level 16 in Fighting
 32181 | Swamp:2  | Noticed a thorn hunter
 32188 | Swamp:2  | Killed a thorn hunter
 32526 | Swamp:3  | HP: 1/110 [bunyip (24)]
 32526 | Swamp:3  | Demolished by a bunyip

Illustrated notes

Levels and vault maps discovered:
D:1:      onia_arrival_mini_spirals, layout_rooms,
          ebering_ecumenical_altar_hall, serial_shops, nicolae_lakefront_shop,
          kennysheep_crisscross, serial_bayou_lagoon_a, roderic_lattice_a,
          hangedman_decor_lopped, minmay_misc_feat_rugged,
          amcnicky_mini_corridor_feature, amethyst_killhole, lemuel_old_faithful
D:2:      layout_rooms, uniq_terence
D:3:      layout_loops_ring, minmay_overflow_temple_star_quad
D:4:      layout_rooms, nicolae_overflow_crystal_walls
D:5:      layout_cave_pools, mainiacjoe_overflow_concentric_impassable,
          gammafunk_ghost_mausoleum
D:6:      layout_basic, minmay_temple_entry_arrows
D:7:      layout_loops_ring, mainiacjoe_overflow_catch_the_wave,
          minmay_misc_feat_four_crosses, minmay_door_square, grunt_ministairs_13
D:8:      layout_basic
D:9:      layout_rooms, lemuel_zombie_altar_yredelemnul,
          mainiacjoe_overflow_two_lobes, pdpol_wu_jian_five_deadly_venoms
D:10:     layout_cave_pools, regret_index_temple_of_mockery, dpeg_oklobed_lair,
          david_orc_4, uniq_amaemon
D:11:     layout_rooms
D:12:     layout_gridville, kennysheep_generic_room_13, uniq_lodul
D:13:     layout_irregular_city, david_vaults_2, uniq_rupert
D:14:     layout_cave_pools, infiniplex_staircase_spiral_double
D:15:     grunt_enter_depths_snipers, layout_irregular_city,
          nicolae_vehumet_altar_sigil, portal_ice_cave_entry_pillars_three,
          ashenzari_conservatory_becter
Temple:   jpeg_temple_island
Lair:1:   kb_forest_paths, layout_loops_ring, grunt_forest_stairs_basic,
          beast_lair_carwin_9
Lair:2:   layout_misc_corridors, spider_nest_entry_a, uniq_erica, uniq_gastronok
Lair:3:   layout_loops_ring, skrybe_swamp_entry_bodies, serial_bayou_ford_a,
          lemuel_fruit_tree
Lair:4:   layout_loops_ring
Lair:5:   layout_misc_corridors, slime_dummy
Lair:6:   minmay_lair_end_enchanted_forest, layout_hall_layers
Swamp:1:  layout_falls_marsh, infiniplex_staircase_pool
Swamp:2:  layout_falls_marsh, gammafunk_ghost_berserking_beasts,
          evilmike_swamp_ruin_rubble_2, water_boxes_lemuel, uniq_frances
Swamp:3:  layout_falls_marsh, nicolae_swamp_tree_isthmus, swamp_pool4
Orc:1:    layout_diamond_mine, uniq_urug
Orc:2:    grunt_orc_cross, layout_diamond_mine, serial_shops, nicolae_shop_stone

Skill      XL: |  1  2  3  4  5  6  7  8  9 10 11 12 13 14 15 16 |
---------------+-------------------------------------------------+-----
Fighting       | 5 6 7 8 9 10 11 12 13 14 15 16 | 16.2
Maces & Flails | 3 5 6 8 9 10 11 12 13 | 13.8
Shields        | 4 5 6 7 9 11 | 11.4
Armour         | 4 6 8 9 11 12 14 | 14.3
Dodging        | 2 4 |  4.8
Evocations     | 3 |  3.4
Invocations    | 3 6 7 9 11 13 | 13.7
Translocations | 5 |  5.1
Polearms       | |  2.6

Action                   |  1- 3 |  4- 6 |  7- 9 | 10-12 | 13-15 | 16-18 || total
-------------------------+-------+-------+-------+-------+-------+-------++-------
Melee: Spear             |   105 |   263 |   111 |       |       |       ||   479
       Punch             |       |     3 |     3 |       |       |       ||     6
       Flail             |       |       |   302 |   114 |       |       ||   416
       Demon whip        |       |       |       |   579 |   766 |       ||  1345
       Eveningstar       |       |       |       |       |   542 |   355 ||   897
Invok: Bend Time         |       |       |       |     3 |     5 |     2 ||    10
       Slouch            |       |       |       |       |    11 |     3 ||    14
Evoke: Wand              |       |       |     2 |    12 |     7 |     4 ||    25
       Phantom mirror    |       |       |       |       |     1 |       ||     1
  Use: Scroll            |     3 |     5 |     9 |    15 |     8 |       ||    40
       Potion            |       |     5 |     6 |     4 |     2 |       ||    17
 Stab: Sleeping          |       |     3 |       |       |       |       ||     3
       Distracted        |       |       |       |       |     1 |       ||     1
Armor: Leather armour    |    31 |    60 |       |       |       |       ||    91
       Chain mail        |       |    68 |   297 |   307 |   348 |       ||  1020
       Plate armour      |       |       |       |       |   279 |   222 ||   501
Dodge: Dodged            |    36 |   142 |   108 |   179 |   620 |   198 ||  1283
Block: Kite shield       |       |       |   208 |   407 |  1129 |   343 ||  2087

Table legend: (Time is in decaauts)
 A = Elapsed time spent in this place.
 B = Non-inter-level travel time spent in this place.
 C = Inter-level travel time spent in this place.
 D = Time resting spent in this place.
 E = Time spent auto-exploring this place.
 F = Levels seen in this place.
 G = Mean time per level.
                   A        B        C        D        E       F      G
               +--------+--------+--------+--------+--------+-----+--------+
         Total |  39746 |  37744 |   2002 |   8642 |  23045 |  28 | 1419.5 |
       Dungeon |  20800 |  19730 |   1070 |   4785 |  11730 |  15 | 1386.7 |
        Temple |    333 |    297 |     36 |    217 |     29 |   1 |  333.0 |
          Lair |  11438 |  10795 |    643 |   1479 |   7805 |   6 | 1906.3 |
         Swamp |   2807 |   2749 |     58 |    473 |   1796 |   3 |  935.7 |
  Orcish Mines |   3822 |   3628 |    194 |   1273 |   1672 |   2 | 1911.0 |
      Ice Cave |    544 |    544 |      0 |    415 |     12 |   1 |  544.0 |
               +--------+--------+--------+--------+--------+-----+--------+

Top non-repeatable levels by time:
  Lair:6: 3115 daAuts
   Orc:2: 3114 daAuts
  Lair:1: 2244 daAuts
    D:10: 2239 daAuts
    D:15: 1952 daAuts
  Lair:3: 1838 daAuts
  Lair:4: 1789 daAuts
    D:14: 1781 daAuts
     D:1: 1692 daAuts
    D:13: 1597 daAuts
 Swamp:2: 1591 daAuts
    D:12: 1551 daAuts
  Lair:2: 1512 daAuts
     D:6: 1335 daAuts
     D:2: 1320 daAuts
